Map: [ESL] Royal Blood

Players

Nice

  • Race: Protoss Protoss
  • Spawn Location: 7:00

Coffee - Winner!

  • Race: Terran Terran
  • Spawn Location: 1:00

Event: ESL SC2 Masters 2023 Summer (Regionals)

VOD

Have the link to the VOD?

Description

Time

  • Played on: May 19, 2023, 9:09 a.m.
  • Length: 7:19

All games in this series

Show
View Real Time Build Order
Export as new Build Order

Nice Protoss 

Build Orders: 1 Gate Expand, Blink Stalkers 

Get SALT Encoding   

  12  0:00  Probe  
  13  0:12  Probe  
  14  0:17  Pylon  
  14  0:24  Probe (Chrono Boost)  
  16  0:37  Probe (Chrono Boost), Gateway  
  16  0:41  Probe (Chrono Boost)  
  16  0:46  Assimilator  
  17  0:52  Probe  
  18  1:04  Probe  
  19  1:17  Probe  
  20  1:25  Cybernetics Core  
  20  1:33  Nexus  
  20  1:46  Pylon  
  20  1:47  Probe, Assimilator  
  21  1:59  Probe  
  22  2:02  Adept (Chrono Boost)  
  22  2:03  Warp Gate  
  24  2:11  Probe  
  25  2:23  Probe, Twilight Council  
  25  2:28  Stalker (Chrono Boost)  
  26  2:35  Probe  
  29  2:40  Gateway  
  29  2:46  Probe  
  29  2:47  Probe  
  31  2:52  Blink (Chrono Boost)  
  31  2:58  Probe  
  31  3:00  Probe  
  33  3:11  Probe  
  34  3:23  Probe  
  34  3:26  Probe  
  34  3:29  Robotics Facility  
  34  3:33  Gateway  
  34  3:35  Shield Battery  
  34  3:36  Probe  
  34  3:38  Probe  
  36  3:44  Pylon  
  36  3:48  Probe  
  37  3:50  Probe  
  37  3:51  Stalker x2  
  42  4:00  Shield Battery  
  42  4:01  Probe  
  43  4:04  Probe  
  43  4:08  Pylon  
  44  4:14  Assimilator  
  44  4:15  Stalker x2  
  44  4:16  Observer (Chrono Boost)  
  49  4:18  Probe x2  
  51  4:29  Observer (Chrono Boost)  
  51  4:30  Probe x2  
  54  4:42  Probe  
  54  4:45  Observer  
  55  4:47  Probe, Pylon  
  55  4:48  Nexus  
  55  4:49  Observer  
  55  4:50  Charge (Chrono Boost)  
  57  4:54  Probe  
  58  5:00  Forge  
  58  5:01  Probe  
  58  5:02  Shield Battery  
  58  5:07  Probe, Observer  
  60  5:13  Probe  
  61  5:16  Gateway  
  61  5:17  Gateway  
  61  5:19  Probe  
  61  5:20  Observer  
  62  5:22  Gateway, Observer  
  62  5:25  Gateway  
  62  5:26  Observer  
  62  5:33  Gateway, Observer  
  62  5:42  Immortal (Chrono Boost)  
  66  5:44  Sentry  
  66  5:45  Sentry  
  70  5:50  Probe  
  70  5:58  Pylon  
  70  6:00  Probe, Shield Battery  
  70  6:02  Pylon  
  71  6:11  Zealot x4  
  71  6:12  Probe  
  71  6:15  Immortal (Chrono Boost)  
  84  6:24  Sentry x2  
  84  6:25  Zealot  
  90  6:31  Zealot  
  88  6:40  Zealot  
  88  6:41  Zealot x3  
  95  6:49  Zealot x2  
  97  6:54  Zealot x2  
  73  7:03  Zealot x4  
  73  7:13  Stalker x2  
Show
View Real Time Build Order
Export as new Build Order

Coffee Terran - Winner!

Build Orders: Reaper Expand 

Get SALT Encoding   

  12  0:00  SCV  
  13  0:13  SCV  
  14  0:17  Supply Depot  
  14  0:25  SCV  
  15  0:39  SCV  
  15  0:40  Barracks  
  16  0:43  Refinery  
  16  0:51  SCV  
  17  1:03  SCV  
  18  1:15  SCV  
  19  1:27  Reaper  
  19  1:29  Orbital Command  
  20  1:39  Command Center  
  20  1:47  Supply Depot  
  20  1:54  SCV  
  20  1:58  Marine  
  22  2:06  SCV  
  22  2:07  Factory  
  23  2:15  Bunker  
  23  2:19  SCV  
  23  2:20  Barracks Reactor  
  24  2:27  Barracks  
  24  2:32  SCV  
  24  2:34  Refinery  
  25  2:44  SCV  
  25  2:50  Factory Tech Lab  
  26  2:52  Orbital Command  
  26  2:56  SCV, Marine x2  
  29  3:08  SCV  
  29  3:09  Siege Tank  
  33  3:18  Marine x2  
  33  3:19  SCV  
  35  3:24  SCV  
  35  3:26  Barracks Tech Lab  
  35  3:31  SCV  
  36  3:36  SCV  
  36  3:37  Supply Depot  
  36  3:38  Marine  
  38  3:43  SCV  
  38  3:44  Siege Tank  
  38  3:48  SCV  
  43  3:51  Barracks  
  43  3:55  SCV  
  43  3:58  Marine x2  
  43  4:01  Marine  
  47  4:03  Supply Depot  
  47  4:07  SCV  
  47  4:08  SCV  
  49  4:10  Stimpack  
  49  4:19  SCV, Engineering Bay  
  49  4:20  SCV, Refinery  
  49  4:22  Marine  
  49  4:23  Marine x2  
  54  4:28  Starport  
  54  4:29  Factory Reactor  
  54  4:34  SCV  
  54  4:35  SCV  
  56  4:40  Bunker  
  56  4:44  Marauder, Supply Depot  
  58  4:46  Marauder  
  58  4:51  Marine x2  
  62  4:53  SCV  
  62  5:00  Terran Infantry Weapons Level 1, Supply Depot  
  62  5:04  SCV  
  62  5:07  Combat Shield  
  62  5:12  Marine x2  
  62  5:13  Marine x2  
  66  5:15  SCV  
  66  5:16  SCV  
  68  5:27  Medivac x2, Supply Depot  
  72  5:30  Marine x2  
  72  5:33  Missile Turret, Supply Depot  
  74  5:36  Factory Reactor  
  74  5:39  Marauder  
  74  5:40  Marauder  
  78  5:48  SCV x2  
  80  5:51  Marine x2  
  80  5:55  Supply Depot  
  82  6:00  SCV x2  
  82  6:02  Refinery  
  82  6:03  Marauder x2  
  88  6:09  Marine x2  
  88  6:10  Medivac x2  
  94  6:16  SCV x2  
  96  6:24  Widow Mine x2  
  100  6:31  Marine x2  
  101  6:53  Marauder  
  96  6:59  Marine  
  81  7:06  SCV  
  81  7:07  SCV  
Tags
 
Add a new tag
Caveats
  • Supply blocks, unpowered buildings, or Contaminate may cause inaccurate times.
  • Supply counts are checked every 10 seconds.